[Event "Titled Tuesday Blitz December 27 Late 2022"]
[White "Shapiro, Bryan"]
[Black "Ezat, Mohamed"]
[WhiteFideId "2087740"]
[BlackFideId "10600906"]
[WhiteElo "1972"]
[BlackElo "2402"]
[Result "0-1"]
[Round "01"]
[TimeControl "180+2"]
[Date "2022.12.27"]
[WhiteClock "0:00:20"]
[BlackClock "0:01:10"]

1. d4 Nf6 2. c4 c5 3. d5 e5 4. Nc3 d6 5. e4 g6 6. h4 Bg7 7. g3 O-O 8. Bh3 Nh5 9. Be3 a6 10. a4 Nd7 11. a5 Ndf6 12. Bxc8 Qxc8 13. Nh3 Ng4 14. Bd2 h6 15. f3 Ngf6 16. g4 Nf4 17. Nxf4 exf4 18. Bxf4 h5 19. Bxd6 hxg4 20. Bxf8 Qxf8 21. fxg4 Re8 22. Qf3 Qd6 23. O-O Kh7 24. Rae1 Qe5 25. Rf2 Qd4 26. Kg2 Nd7 27. Qxf7 Rf8 28. Ne2 Qxe4+ 29. Qf3 Rxf3 30. Rxf3 Ne5 31. Nd4 Qxe1 0-1


[Site "https://www.chess.com"]

[Event "Titled Tuesday Blitz December 27 Late 2022"]
[White "Shapiro, Daniel"]
[Black "Oro, Faustino"]
[WhiteFideId "2001780"]
[BlackFideId "20000197"]
[WhiteElo "2284"]
[BlackElo "2269"]
[Result "0-1"]
[Round "01"]
[TimeControl "180+2"]
[Date "2022.12.27"]
[WhiteClock "0:00:03"]
[BlackClock "0:00:04"]

1. d4 Nf6 2. c4 e6 3. g3 d5 4. Nf3 Be7 5. Bg2 O-O 6. O-O c6 7. Qc2 Nbd7 8. Rd1 b6 9. Nc3 Bb7 10. e4 dxe4 11. Ng5 h6 12. Ngxe4 Qc8 13. Bf4 c5 14. Nd6 Bxd6 15. Bxd6 Bxg2 16. Bxf8 Bf3 17. Rd3 Bg4 18. Bd6 Bf5 19. Qd2 Bxd3 20. Qxd3 Qc6 21. Bf4 cxd4 22. Qxd4 Re8 23. Bd6 e5 24. Qd3 e4 25. Qd4 Ng4 26. Qd5 Qc8 27. Re1 Ndf6 28. Qb5 Re6 29. c5 bxc5 30. Qxc5 Qe8 31. Bf4 g5 32. Be3 Ne5 33. Rd1 Nfg4 34. Qxa7 Qc6 35. Qb8+ Kh7 36. Rd8 Nf3+ 37. Kg2 Kg6 38. Rg8+ Kh5 39. Qf8 Rf6 40. Qg7 Ne1+ 41. Kh3 Qe6 42. Bd4 Nxf2# 0-1


[Site "https://www.chess.com"]

[Event "Titled Tuesday Blitz December 27 Late 2022"]
[White "Silvestre, Christian"]
[Black "Yuan, Qingyu"]
[WhiteFideId "30956269"]
[BlackFideId "8609772"]
[WhiteElo "1942"]
[BlackElo "2373"]
[Result "0-1"]
[Round "01"]
[TimeControl "180+2"]
[Date "2022.12.27"]
[WhiteClock "0:00:08"]
[BlackClock "0:00:07"]

1. d4 Nf6 2. Bg5 d5 3. Bxf6 gxf6 4. e3 e5 5. Nf3 Nc6 6. Bb5 Bd6 7. Nc3 a6 8. Be2 Be6 9. g3 Ne7 10. a3 b5 11. e4 c6 12. dxe5 fxe5 13. exd5 cxd5 14. Ng5 Qd7 15. O-O O-O 16. Qd3 Bf5 17. Qd2 Bc7 18. Rad1 Rad8 19. Bf3 e4 20. Bg2 f6 21. Ngxe4 dxe4 22. Qh6 Qe6 23. Rde1 Rd4 24. Ne2 Rc4 25. c3 Qf7 26. Nd4 Qg6 27. Qd2 Rd8 28. Nxf5 Qxf5 29. Qc2 Qg5 30. Rxe4 Ng6 31. Rxc4 bxc4 32. Qe2 Qc5 33. Qe6+ Kg7 34. Re1 Rd2 35. Rf1 Bb6 36. Bd5 Rxf2 37. Rxf2 Qxf2+ 38. Kh1 Qf1# 0-1


[Site "https://www.chess.com"]

[Event "Titled Tuesday Blitz December 27 Late 2022"]
[White "Skvortsov, Andrei"]
[Black "Torres Boch, Jose Francisco"]
[WhiteFideId "24108600"]
[BlackFideId "2278383"]
[WhiteElo "2313"]
[BlackElo "2180"]
[Result "1-0"]
[Round "01"]
[TimeControl "180+2"]
[Date "2022.12.27"]
[WhiteClock "0:00:19"]
[BlackClock "0:00:02"]

1. e4 c5 2. Ne2 d6 3. g3 Nf6 4. Bg2 h5 5. h3 e5 6. c3 Nc6 7. d4 cxd4 8. cxd4 exd4 9. Nxd4 Nxd4 10. Qxd4 g6 11. O-O Bg7 12. Qa4+ Bd7 13. Qb4 Bc6 14. Nc3 O-O 15. Bg5 Qb6 16. Qxd6 Rfe8 17. Bxf6 Re6 18. Nd5 Rxd6 19. Nxb6 axb6 20. Bxg7 Kxg7 21. a3 Rd2 22. Rfb1 Re2 23. Bf3 Rc2 24. b4 f5 25. Bd1 Rd2 26. exf5 Rf8 27. g4 hxg4 28. Bxg4 gxf5 29. Bd1 Kf6 30. Rb3 f4 31. Bg4 b5 32. Rbb1 Rfd8 33. Rd1 Ke5 34. Rxd2 Rxd2 35. Rd1 Ra2 36. Re1+ Kd4 37. h4 Rxa3 38. h5 Ra8 39. Kh2 Kc3 40. Rb1 Be4 41. Rc1+ Kxb4 42. Re1 Bd3 43. Re7 b6 44. Rf7 Kc3 45. Rc7+ Bc4 46. h6 Rh8 47. h7 b4 48. Bf5 b3 49. Kh3 b5 50. Kg4 Kd4 51. Kg5 Bd3 52. Rd7+ 1-0


[Site "https://www.chess.com"]

[Event "Titled Tuesday Blitz December 27 Late 2022"]
[White "Slade, Theodore"]
[Black "Wieczorek, Zbigniew"]
[WhiteFideId "426547"]
[BlackFideId "1102001"]
[WhiteElo "1995"]
[BlackElo "2150"]
[Result "1-0"]
[Round "01"]
[TimeControl "180+2"]
[Date "2022.12.27"]
[WhiteClock "0:00:45"]
[BlackClock "0:00:03"]

1. d4 Nf6 2. c4 e6 3. g3 Bb4+ 4. Bd2 Qe7 5. Bg2 O-O 6. Nf3 Nc6 7. O-O Bxd2 8. Qxd2 d6 9. Nc3 e5 10. e4 Bg4 11. dxe5 dxe5 12. Nd5 Nxd5 13. cxd5 Bxf3 14. dxc6 Bxg2 15. cxb7 Bxf1 16. bxa8=Q Rxa8 17. Rxf1 Qd6 18. Qxd6 cxd6 19. Rd1 Rd8 20. Rd5 Kf8 21. Ra5 Rd7 22. Kf1 Ke7 23. Ke2 Rb7 24. b3 Ke6 25. Ra6 g6 26. Ke3 f5 27. exf5+ gxf5 28. f4 exf4+ 29. Kxf4 h6 30. Ra5 Rb4+ 31. Kf3 Rb7 32. Ra6 Ke5 33. Ke3 h5 34. Rc6 Rh7 35. Rc8 h4 36. Re8+ Kd5 37. Kf4 hxg3 38. hxg3 Rh2 39. Kxf5 Rf2+ 40. Kg5 Rxa2 41. g4 Rb2 42. Rb8 a5 43. Kf6 Ke4 44. g5 d5 45. g6 Rf2+ 46. Ke7 Rg2 47. Kf7 Rf2+ 48. Kg8 d4 49. Re8+ Kd5 50. Ra8 Ke4 51. Rxa5 d3 52. Ra8 d2 53. Rd8 Ke3 54. g7 Ke2 55. Kh7 Rh2+ 56. Kg6 Rg2+ 57. Kf6 Rf2+ 58. Ke5 Rg2 59. Kf6 d1=Q 60. Rxd1 Kxd1 61. b4 Kd2 62. b5 Kc3 63. b6 Kd4 64. b7 Rf2+ 65. Ke7 Re2+ 66. Kd7 Rg2 67. b8=Q Rxg7+ 68. Ke6 Rg6+ 69. Kf5 Rc6 70. Qb2+ Kc5 71. Ke5 Rb6 72. Qc3+ Kb5 73. Kd5 Rb7 74. Qb3+ Ka6 75. Qa4+ Kb6 76. Qb4+ Kc7 77. Qd6+ Kc8 78. Qe6+ Kb8 79. Qe5+ Kc8 80. Kc6 1-0


[Site "https://www.chess.com"]

[Event "Titled Tuesday Blitz December 27 Late 2022"]
[White "Smith, Garrett L"]
[Black "Toncheva, Nadya"]
[WhiteFideId "2024829"]
[BlackFideId "2924056"]
[WhiteElo "2047"]
[BlackElo "2295"]
[Result "1/2-1/2"]
[Round "01"]
[TimeControl "180+2"]
[Date "2022.12.27"]
[WhiteClock "0:00:14"]
[BlackClock "0:00:09"]

1. e4 c5 2. a3 e5 3. Nf3 Nc6 4. Bc4 g6 5. d3 Bg7 6. Nc3 Nge7 7. Bg5 O-O 8. Qd2 d6 9. h4 h5 10. Nd5 Be6 11. Nf6+ Kh8 12. O-O-O a6 13. Kb1 b5 14. Ba2 b4 15. Nd5 Bxd5 16. Bxd5 Rc8 17. a4 Qa5 18. b3 Nxd5 19. exd5 Nd4 20. Nxd4 cxd4 21. Be7 Rfe8 22. Bxd6 Qxd5 23. Bxb4 Rb8 24. Ka2 Kh7 25. g4 a5 26. Ba3 Qf3 27. gxh5 Qxh5 28. Rdg1 Bh6 29. Qd1 Rbc8 30. Qxh5 gxh5 31. Kb1 Bf4 32. Re1 Rc6 33. Re2 Rg8 34. Bc1 Bxc1 35. Kxc1 f6 36. Kd2 Rg2 37. Rhe1 Kg6 38. f4 Rxe2+ 39. Rxe2 exf4 40. Re4 Kf5 41. Rxd4 f3 42. Ke3 Rxc2 43. Kxf3 Rb2 44. Rd5+ Ke6 45. Rxh5 Rxb3 46. Rxa5 Rxd3+ 47. Kg4 Rd4+ 48. Kg3 f5 49. Ra8 Rd3+ 50. Kf4 Rd4+ 51. Kg3 Rg4+ 52. Kh3 Ke5 53. a5 Ra4 54. a6 f4 55. Kg4 Ke4 56. a7 f3 57. Re8+ Kd3+ 58. Kxf3 Rxa7 59. Kg4 Kd4 60. h5 Kd5 61. Kg5 Ra1 62. h6 Rg1+ 63. Kf6 Rf1+ 64. Kg7 Rg1+ 65. Kh7 Kd6 66. Re4 Kd7 67. Re5 Rg4 68. Kh8 Rg1 69. Rh5 Ke7 70. Rh2 Kf7 71. Rf2+ Kg6 72. h7 Ra1 73. Rg2+ Kh6 74. Rh2+ Kg6 75. Rg2+ Kh6 76. Kg8 Ra8+ 77. Kf7 Ra7+ 78. Kf6 Kxh7 79. Rh2+ Kg8 80. Rg2+ Kh7 81. Rh2+ 1/2-1/2


[Site "https://www.chess.com"]

[Event "Titled Tuesday Blitz December 27 Late 2022"]
[White "Solon, Nathan"]
[Black "Sanchez, Robert"]
[WhiteFideId "2017229"]
[BlackFideId "2034360"]
[WhiteElo "2306"]
[BlackElo "1966"]
[Result "1-0"]
[Round "01"]
[TimeControl "180+2"]
[Date "2022.12.27"]
[WhiteClock "0:00:10"]
[BlackClock "0:00:04"]

1. Nf3 d5 2. g3 c5 3. Bg2 Nc6 4. d4 e6 5. O-O Nf6 6. c4 cxd4 7. Nxd4 Be7 8. cxd5 exd5 9. Nc3 O-O 10. Bf4 a6 11. Rc1 Re8 12. Nxc6 bxc6 13. Na4 Bd7 14. Qc2 h6 15. Rfd1 Qa5 16. Bd2 Qb5 17. e3 Ne4 18. Nc3 Nxc3 19. Bxc3 Bg4 20. Rd4 Bd7 21. Rd2 Rab8 22. e4 Qb6 23. exd5 Bg5 24. dxc6 Bxc6 25. Bd4 Qa5 26. f4 Bxg2 27. Rxg2 Be7 28. Re2 Qxa2 29. Qf5 Bf8 30. Rce1 Red8 31. Bc3 Rd5 32. Qe4 Rbd8 33. Kg2 Qb3 34. Kh3 Qb7 35. Re3 Qd7+ 36. Kg2 Qb5 37. R3e2 a5 38. Qf3 Bb4 39. Bxb4 axb4 40. Re5 Rd2+ 41. R1e2 Rxe2+ 42. Qxe2 Qc6+ 43. Kh3 b3 44. Qe3 Qc4 45. Re4 Qf1+ 46. Kh4 Kh7 47. Re8 Rxe8 48. Qxe8 Qf3 49. Qe5 g6 50. Qb5 1-0


[Site "https://www.chess.com"]

[Event "Titled Tuesday Blitz December 27 Late 2022"]
[White "Srebrnic, Marko"]
[Black "Hernandez Jimenez, Alexander Andres"]
[WhiteFideId "14603616"]
[BlackFideId "3900452"]
[WhiteElo "2366"]
[BlackElo "2134"]
[Result "1-0"]
[Round "01"]
[TimeControl "180+2"]
[Date "2022.12.27"]
[WhiteClock "0:01:47"]
[BlackClock "0:00:53"]

1. e4 c5 2. Nf3 d6 3. d4 cxd4 4. Nxd4 Nf6 5. Nc3 a6 6. Bc4 e5 7. Nde2 Be6 8. Bxe6 fxe6 9. O-O Nbd7 10. f4 Be7 11. f5 exf5 12. Rxf5 O-O 13. Ng3 Qb6+ 14. Kh1 g6 15. Rf1 Nh5 16. Nxh5 Rxf1+ 17. Qxf1 Rf8 18. Qe1 gxh5 19. Nd5 Qd8 20. Bh6 Rf7 21. Qg3+ Kh8 22. Qh3 Nf6 23. Qe6 Qe8 24. Rf1 Kg8 25. Nxf6+ 1-0


[Site "https://www.chess.com"]

[Event "Titled Tuesday Blitz December 27 Late 2022"]
[White "Stanojevic, Ilija"]
[Black "Fishbein, Alexander"]
[WhiteFideId "959995"]
[BlackFideId "2000377"]
[WhiteElo "2142"]
[BlackElo "2366"]
[Result "0-1"]
[Round "01"]
[TimeControl "180+2"]
[Date "2022.12.27"]
[WhiteClock "0:00:15"]
[BlackClock "0:01:14"]

1. d4 d5 2. c4 c6 3. Nf3 Nf6 4. Nc3 a6 5. e3 b5 6. c5 Bg4 7. h3 Bxf3 8. gxf3 e5 9. Rb1 exd4 10. exd4 g6 11. Be3 Bg7 12. Bd3 O-O 13. Qd2 Re8 14. Kd1 Nbd7 15. Kc2 Nf8 16. h4 Nh5 17. Rbg1 Ne6 18. Ne2 Qf6 19. f4 Nxc5 20. dxc5 Qxb2+ 21. Kd1 Qa1+ 22. Nc1 Bd4 23. f5 Bxe3 24. fxe3 Qe5 25. fxg6 hxg6 26. Bxg6 fxg6 27. Rxg6+ Ng7 28. Rhg1 Re7 29. Nd3 Qh5+ 30. Kc2 Rf8 31. Qg2 Rff7 32. Nf4 Qf5+ 33. Kd2 Kf8 34. h5 d4 35. Qxc6 dxe3+ 36. Ke2 Qxf4 37. h6 Qf2+ 38. Kd3 Qd2# 0-1


[Site "https://www.chess.com"]

[Event "Titled Tuesday Blitz December 27 Late 2022"]
[White "Sukandar, Irine Kharisma"]
[Black "Deac, Bogdan-Daniel"]
[WhiteFideId "7101937"]
[BlackFideId "1226380"]
[WhiteElo "2390"]
[BlackElo "2700"]
[Result "0-1"]
[Round "01"]
[TimeControl "180+2"]
[Date "2022.12.27"]
[WhiteClock "0:00:07"]
[BlackClock "0:00:14"]

1. e4 c6 2. d4 d5 3. exd5 cxd5 4. Nc3 Nc6 5. Nf3 Bg4 6. Bb5 e6 7. h3 Bxf3 8. Qxf3 Bd6 9. O-O Ne7 10. Ne2 O-O 11. c3 e5 12. dxe5 Nxe5 13. Qh5 Qa5 14. Nd4 N5c6 15. Bd3 g6 16. Nxc6 bxc6 17. Qh6 c5 18. Re1 Qc7 19. Bd2 Nc6 20. Bg5 Rfb8 21. Bf6 Bf8 22. Qg5 Qd6 23. Re2 h6 24. Qh4 c4 25. Bc2 Rxb2 26. Bxg6 Rxe2 27. Bf5 Bg7 28. Bxg7 Kxg7 29. Qg4+ Kf6 30. Qxe2 Kxf5 31. Qh5+ Kf6 32. Qxh6+ Ke7 33. Re1+ Kd7 34. Qh5 Rf8 35. Rd1 f5 36. Qh7+ Ne7 37. Rb1 Rb8 38. Re1 Qf6 39. Qh5 Qxc3 40. Qf7 Qxe1+ 0-1


[Site "https://www.chess.com"]

[Event "Titled Tuesday Blitz December 27 Late 2022"]
[White "Sztokbant, Bernardo Vainzoff"]
[Black "Bachmann, Axel"]
[WhiteFideId "2115956"]
[BlackFideId "3700488"]
[WhiteElo "2213"]
[BlackElo "2604"]
[Result "0-1"]
[Round "01"]
[TimeControl "180+2"]
[Date "2022.12.27"]
[WhiteClock "0:00:08"]
[BlackClock "0:01:23"]

1. b3 d5 2. Nf3 Bg4 3. Bb2 Nd7 4. d4 Ngf6 5. e3 e6 6. Be2 Bb4+ 7. Nbd2 Ne4 8. O-O Nc3 9. Qe1 Nxe2+ 10. Qxe2 c6 11. h3 Bh5 12. a3 Bd6 13. c4 O-O 14. e4 Bf4 15. g4 Bg6 16. Rfe1 a5 17. exd5 exd5 18. cxd5 cxd5 19. Ne5 Re8 20. Qd1 Nxe5 21. dxe5 h5 22. Nf3 hxg4 23. hxg4 Be4 24. Qe2 Rc8 25. Rac1 Bxc1 26. Bxc1 Rc2 27. Qe3 Qc7 28. Nd4 Rc3 29. Qf4 Rh3 30. f3 Qc3 31. Rd1 Bxf3 32. Nxf3 Rxf3 0-1


[Site "https://www.chess.com"]

[Event "Titled Tuesday Blitz December 27 Late 2022"]
[White "Taboas Rodriguez, Daniel"]
[Black "Curtis, John"]
[WhiteFideId "2208466"]
[BlackFideId "3200256"]
[WhiteElo "2371"]
[BlackElo "2292"]
[Result "0-1"]
[Round "01"]
[TimeControl "180+2"]
[Date "2022.12.27"]
[WhiteClock "0:00:07"]
[BlackClock "0:00:38"]

1. d4 Nf6 2. Nf3 d5 3. c4 e6 4. Bg5 Be7 5. e3 Nbd7 6. Nc3 c6 7. Rc1 Ne4 8. Bxe7 Nxc3 9. Bxd8 Nxd1 10. Rxd1 Kxd8 11. Bd3 h6 12. Ke2 Re8 13. Rd2 Kc7 14. Rc1 dxc4 15. Bxc4 Re7 16. b4 a6 17. a4 Kb6 18. a5+ Ka7 19. Ne5 Nf8 20. f4 Bd7 21. h4 Be8 22. Bb3 Rd8 23. Rdc2 f6 24. Nd3 Ng6 25. g3 e5 26. f5 exd4 27. Be6 dxe3 28. Nc5 Nf8 29. Rc3 Bf7 30. Rxe3 Rde8 31. Kf3 Nxe6 32. fxe6 Bxe6 33. Kf4 Bd5 34. Rce1 Rxe3 35. Rxe3 g5+ 36. hxg5 fxg5+ 37. Kg4 Rxe3 0-1


[Site "https://www.chess.com"]

[Event "Titled Tuesday Blitz December 27 Late 2022"]
[White "TheKnightOfBosnia"]
[Black "Kaasen, Tor Fredrik"]
[BlackFideId "1516647"]
[WhiteElo "2434"]
[BlackElo "2480"]
[Result "1-0"]
[Round "01"]
[TimeControl "180+2"]
[Date "2022.12.27"]
[WhiteClock "0:01:42"]
[BlackClock "0:00:20"]

1. e4 c5 2. Nf3 d6 3. Bb5+ Nd7 4. d4 cxd4 5. Qxd4 a6 6. Bxd7+ Bxd7 7. Nc3 e5 8. Qd3 h6 9. O-O Nf6 10. Rd1 Be7 11. Nd2 b5 12. Nf1 b4 13. Nd5 Nxd5 14. Qxd5 Rc8 15. Ne3 Be6 16. Qd3 Qb6 17. Bd2 O-O 18. c3 a5 19. Nd5 Bxd5 20. Qxd5 Rc5 21. Qd3 Rfc8 22. Be3 bxc3 23. bxc3 Qb2 24. Bxc5 Rxc5 25. c4 Qb4 26. Rac1 Bg5 27. Rc2 Qa4 28. Qb3 Qc6 29. Rd5 Kh7 30. Rxc5 Qxe4 31. Qb1 dxc5 32. Rc1 f5 33. Qxe4 fxe4 34. Re1 Bd2 35. Rxe4 Bc3 36. a4 Kg6 37. f3 Kf5 38. h4 g5 39. hxg5 hxg5 40. Kf2 Bd4+ 41. Ke2 Ke6 42. Kd3 Kf5 43. g4+ Ke6 44. Re1 Bf2 45. Rb1 Kd6 46. Rb6+ Kd7 47. Rg6 Bh4 48. Ke4 1-0


[Site "https://www.chess.com"]

[Event "Titled Tuesday Blitz December 27 Late 2022"]
[White "Toniutti, Ezio"]
[Black "Fernandez Hernandez, Gerardo"]
[WhiteFideId "113034"]
[BlackFideId "2207400"]
[WhiteElo "2224"]
[BlackElo "2181"]
[Result "1-0"]
[Round "01"]
[TimeControl "180+2"]
[Date "2022.12.27"]
[WhiteClock "0:00:32"]
[BlackClock "0:00:02"]

1. d4 Nf6 2. c4 c5 3. d5 b5 4. cxb5 a6 5. e3 g6 6. Nc3 Bg7 7. a4 d6 8. Nf3 O-O 9. e4 Nbd7 10. Be2 axb5 11. Bxb5 Ba6 12. Bd2 Ng4 13. O-O Bxb5 14. axb5 Qb6 15. Qe2 Rfb8 16. h3 Nge5 17. Nxe5 Nxe5 18. Kh2 c4 19. Be3 Qc7 20. b6 Qd7 21. f4 Nd3 22. Rxa8 Rxa8 23. Rb1 h5 24. Qc2 Bh6 25. Qd2 f5 26. b3 fxe4 27. Nxe4 Nc5 28. Nxc5 dxc5 29. bxc4 Qd6 30. Kh1 Rb8 31. b7 Qc7 32. Qd3 Kg7 33. f5 Bxe3 34. Qxe3 Rxb7 35. Rf1 1-0


[Site "https://www.chess.com"]

[Event "Titled Tuesday Blitz December 27 Late 2022"]
[White "Tworuszka, Michal"]
[Black "Antonica, Dragos-Andrei"]
[WhiteFideId "1117858"]
[BlackFideId "1246372"]
[WhiteElo "2260"]
[BlackElo "2373"]
[Result "0-1"]
[Round "01"]
[TimeControl "180+2"]
[Date "2022.12.27"]
[WhiteClock "0:00:12"]
[BlackClock "0:01:06"]

1. d4 Nf6 2. c4 e6 3. Bf4 d5 4. cxd5 exd5 5. e3 c6 6. Nc3 Bd6 7. Bg3 O-O 8. Bd3 Bg4 9. Qc2 Qe7 10. Nge2 Nbd7 11. Bh4 h6 12. h3 Be6 13. O-O-O b5 14. g4 Nb6 15. Rdg1 b4 16. Nd1 g5 17. Bg3 Rac8 18. Kb1 c5 19. Bxd6 Qxd6 20. dxc5 Rxc5 21. Qd2 Rfc8 22. h4 Nc4 23. Bxc4 Rxc4 24. hxg5 Ne4 25. Qd3 Qc7 26. Ka1 Rc1+ 27. Nxc1 Qxc1+ 28. Qb1 Qxb1+ 29. Kxb1 Nd2+ 0-1


[Site "https://www.chess.com"]

[Event "Titled Tuesday Blitz December 27 Late 2022"]
[White "Vaibhav Jayant Raut"]
[Black "Andrews, Todd"]
[WhiteFideId "5089034"]
[BlackFideId "2012456"]
[WhiteElo "2237"]
[BlackElo "2220"]
[Result "1-0"]
[Round "01"]
[TimeControl "180+2"]
[Date "2022.12.27"]
[WhiteClock "0:00:16"]
[BlackClock "0:00:13"]

1. Nf3 c5 2. g3 b6 3. Bg2 Bb7 4. O-O e6 5. d3 Nf6 6. Nbd2 Be7 7. e4 O-O 8. a4 d5 9. exd5 Nxd5 10. Re1 Nc6 11. h4 Re8 12. Nc4 Bf6 13. h5 h6 14. Nfd2 Qc7 15. Ne4 Be7 16. Qg4 Bf8 17. Qd1 Rad8 18. c3 f5 19. Ned2 Qf7 20. Qe2 Nf6 21. a5 b5 22. a6 Ba8 23. Na5 Nxa5 24. Bxa8 Rxa8 25. Rxa5 Qd7 26. Nf3 Bd6 27. Ne5 Bxe5 28. Qxe5 Qxd3 29. Qxc5 Qf3 30. Qxb5 Qxh5 31. Qc6 Ng4 32. Qg2 e5 33. f3 Nf6 34. Raxe5 Rxe5 35. Rxe5 Rd8 36. Re1 Nd5 37. Qe2 Kh7 38. Rd1 Re8 39. Qf2 Nf6 40. Bf4 Qh3 41. Qf1 Qh5 42. Qg2 g5 43. Bc7 g4 44. f4 Qf7 45. Be5 Ne4 46. Qe2 Re6 47. Qb5 Re7 48. Qb4 Rd7 49. Rxd7 Qxd7 50. Qb7 Nc5 51. Qxd7+ Nxd7 52. Bd4 Kg6 53. Bxa7 Kf7 54. Bf2 Ke6 55. a7 Kd5 56. a8=Q+ Ke6 57. Qg8+ 1-0


[Site "https://www.chess.com"]

[Event "Titled Tuesday Blitz December 27 Late 2022"]
[White "Vakhlamov, Igor L."]
[Black "Ibadov, Dashgyn"]
[WhiteFideId "24126748"]
[BlackFideId "24107514"]
[WhiteElo "2413"]
[BlackElo "2391"]
[Result "1-0"]
[Round "01"]
[TimeControl "180+2"]
[Date "2022.12.27"]
[WhiteClock "0:00:17"]
[BlackClock "0:00:01"]

1. e4 e5 2. Nf3 Nc6 3. Nc3 Nf6 4. Bb5 Bb4 5. Nd5 Nxd5 6. exd5 Nd4 7. Nxd4 exd4 8. a3 Be7 9. O-O O-O 10. b4 d6 11. Bb2 Bf6 12. Bd3 a5 13. Qf3 g6 14. h3 Kg7 15. b5 Be5 16. Rfe1 f5 17. a4 Bd7 18. Re2 Qg5 19. Rae1 Rae8 20. c3 dxc3 21. dxc3 h5 22. Bc1 Qf6 23. c4 Bd4 24. g3 h4 25. Kg2 Rxe2 26. Rxe2 Re8 27. Rxe8 Bxe8 28. Qf4 hxg3 29. fxg3 Qe5 30. Qh6+ Kf7 31. Qh7+ Qg7 32. Qxg7+ Kxg7 33. Bg5 Bf6 34. Be3 b6 35. Kf3 Be5 36. h4 Kf7 37. Bg5 Bf6 38. Kf4 Bd7 39. Bh6 Be5+ 40. Kf3 Bf6 41. Bf4 Be5 42. Be3 Bf6 43. Kf2 Be5 44. Bg5 Bf6 45. Bf4 Kg7 46. Be2 Kf7 47. Be3 Be5 48. Bg5 Bf6 49. Bf4 Bd4+ 50. Ke1 Be5 51. Kd2 Bxf4+ 52. gxf4 Kf6 53. Ke3 Kg7 54. Kf2 Kh6 55. Kg3 Kg7 56. h5 gxh5 57. Bxh5 Kh6 58. Kh4 Bc8 59. Be8 1-0


[Site "https://www.chess.com"]

[Event "Titled Tuesday Blitz December 27 Late 2022"]
[White "Vifleemskaia, Svetlana"]
[Black "Sourath Biswas"]
[WhiteFideId "4129490"]
[BlackFideId "35091484"]
[WhiteElo "1971"]
[BlackElo "2281"]
[Result "0-1"]
[Round "01"]
[TimeControl "180+2"]
[Date "2022.12.27"]
[WhiteClock "0:00:05"]
[BlackClock "0:01:20"]

1. d4 Nf6 2. c4 g6 3. Nc3 Bg7 4. e4 O-O 5. Nge2 d6 6. Ng3 e5 7. d5 c6 8. Be2 Na6 9. O-O Nc7 10. Be3 h5 11. Bg5 cxd5 12. cxd5 Qe8 13. Qd2 Nh7 14. Bh6 h4 15. Nh1 f5 16. Bxg7 Kxg7 17. exf5 gxf5 18. f3 Qg6 19. Nf2 Bd7 20. Nh3 f4 21. Bd3 Bf5 22. Bxf5 Rxf5 23. Ne4 Rg8 24. a4 Kh8 25. Rf2 Rf7 26. Rd1 Rfg7 27. Qb4 Ne8 28. Rc1 Qf5 29. Kh1 Rg6 30. Qa5 Nhf6 31. Re1 Nxe4 32. fxe4 Qg4 33. Qd2 Nf6 34. Qe2 Qxe2 35. Rfxe2 Ng4 36. Kg1 Ne3 0-1


[Site "https://www.chess.com"]

[Event "Titled Tuesday Blitz December 27 Late 2022"]
[White "Vlassov, Nikolai"]
[Black "Dylag, Emilia"]
[WhiteFideId "4103360"]
[BlackFideId "21805172"]
[WhiteElo "2283"]
[BlackElo "2095"]
[Result "1-0"]
[Round "01"]
[TimeControl "180+2"]
[Date "2022.12.27"]
[WhiteClock "0:00:14"]
[BlackClock "0:00:02"]

1. e4 e5 2. Bc4 Nf6 3. d3 Bc5 4. Nf3 d6 5. Bg5 h6 6. Bh4 a6 7. Nc3 Nc6 8. Nd5 g5 9. Nxg5 Nxd5 10. Qh5 Qf6 11. Nf3 Qg6 12. Qxg6 fxg6 13. Bxd5 Bg4 14. Bf6 Rh7 15. c3 Ne7 16. Bxe7 Kxe7 17. b4 Bb6 18. Bxb7 Rf8 19. Bxa6 Bxf3 20. gxf3 Rxf3 21. O-O Rhf7 22. a4 Rxf2 23. Rxf2 Rxf2 24. Kh1 Rc2 25. a5 Ba7 26. Bc4 Rxc3 27. Rf1 Rc2 28. Rf7+ Kd8 29. b5 Be3 30. b6 cxb6 31. a6 b5 32. Bxb5 Ra2 33. Rd7+ Kc8 34. Rxd6 g5 35. Rg6 h5 36. h3 Kb8 37. Rg7 Kc8 38. Re7 g4 39. hxg4 hxg4 40. Rg7 Ra1+ 41. Kg2 Rg1+ 42. Kh2 g3+ 43. Rxg3 Bf4 44. Kxg1 Bxg3 45. Kg2 Bf4 46. Kf3 Kb8 47. d4 Bh2 48. d5 Bg1 49. Kg4 Bc5 50. Kf5 Bd6 51. Ke6 Bc7 52. d6 Bb6 53. Kxe5 1-0


[Site "https://www.chess.com"]

[Event "Titled Tuesday Blitz December 27 Late 2022"]
[White "Vovk, Orest"]
[Black "Vetoshko, Volodymyr"]
[WhiteFideId "14113490"]
[BlackFideId "14122480"]
[WhiteElo "2315"]
[BlackElo "2502"]
[Result "0-1"]
[Round "01"]
[TimeControl "180+2"]
[Date "2022.12.27"]
[WhiteClock "0:00:12"]
[BlackClock "0:00:07"]

1. h4 h5 2. Nf3 Nf6 3. Ng5 e6 4. e4 d6 5. d4 Be7 6. Qf3 Nc6 7. c3 e5 8. d5 Nb8 9. Bb5+ c6 10. dxc6 bxc6 11. Bc4 d5 12. exd5 cxd5 13. Bb5+ Bd7 14. Bxd7+ Qxd7 15. O-O O-O 16. Re1 Nc6 17. Nd2 e4 18. Qe2 Ne5 19. Nf1 Nd3 20. Rd1 Ng4 21. Be3 Qf5 22. Ng3 Qg6 23. Rd2 f5 24. Rxd3 exd3 25. Qxd3 Nxe3 26. Qxe3 Bxg5 27. Qxg5 Qxg5 28. hxg5 Rfe8 29. Nxh5 Re2 30. Nf4 Rxb2 31. Nxd5 Rab8 32. Ne7+ Kf7 33. Nxf5 Rb1+ 34. Rxb1 Rxb1+ 35. Kh2 Rb2 36. Nd6+ Ke6 37. Ne4 Rxa2 38. g4 a5 39. Kg3 a4 40. f4 a3 41. f5+ Ke5 42. Nc5 Rc2 43. Nd7+ Kd6 44. f6 Kxd7 45. fxg7 Rxc3+ 46. Kh4 Rc8 47. Kh5 a2 48. g8=Q Rxg8 0-1


[Site "https://www.chess.com"]

[Event "Titled Tuesday Blitz December 27 Late 2022"]
[White "White, John S."]
[Black "Fiorito, Joaquin"]
[WhiteFideId "2502348"]
[BlackFideId "180173"]
[WhiteElo "2235"]
[BlackElo "2405"]
[Result "0-1"]
[Round "01"]
[TimeControl "180+2"]
[Date "2022.12.27"]
[WhiteClock "0:00:48"]
[BlackClock "0:00:47"]

1. e4 c6 2. d4 d5 3. Nc3 dxe4 4. Nxe4 Bf5 5. Nc5 b6 6. Nb3 e6 7. Nf3 Nf6 8. Bf4 Bd6 9. Bxd6 Qxd6 10. Bd3 Bg4 11. O-O O-O 12. h3 Bh5 13. Re1 Nbd7 14. Be2 Rad8 15. c3 Qc7 16. Ne5 Nxe5 17. Bxh5 Nc4 18. Rb1 c5 19. Qe2 cxd4 20. Nxd4 e5 21. Nb5 Qc5 22. a4 Rd2 23. Qf3 Nxh5 24. Qxh5 Qxf2+ 25. Kh1 Qxg2# 0-1


[Site "https://www.chess.com"]

[Event "Titled Tuesday Blitz December 27 Late 2022"]
[White "Wieczorek, Oskar"]
[Black "Rosenberg, Evan S"]
[WhiteFideId "1133950"]
[BlackFideId "2019299"]
[WhiteElo "2512"]
[BlackElo "1956"]
[Result "0-1"]
[Round "01"]
[TimeControl "180+2"]
[Date "2022.12.27"]
[WhiteClock "0:00:07"]
[BlackClock "0:00:08"]

1. e4 e5 2. Nf3 Nc6 3. Nc3 Nf6 4. h3 d5 5. exd5 Nxd5 6. Bb5 Nxc3 7. bxc3 Bd6 8. O-O O-O 9. d4 Bf5 10. Bxc6 bxc6 11. dxe5 Bc5 12. Nd4 Be4 13. Be3 Bb6 14. Qg4 Qd5 15. Qg3 Rae8 16. f4 c5 17. Nf3 Bxc2 18. Nd2 Bf5 19. Qf2 c4 20. Nf3 Bd3 21. Rfe1 f6 22. Bxb6 axb6 23. Re3 fxe5 24. fxe5 Be4 25. Qg3 Bxf3 26. gxf3 Rf5 27. Rae1 Re6 28. Kh2 Qd2+ 29. R1e2 Qd1 30. Qg4 Rg6 31. Re1 Qxe1 32. Rxe1 Rxg4 33. fxg4 Rf2+ 34. Kg3 Rxa2 35. e6 Kf8 36. Kf4 Ke7 37. Re4 b5 38. Re5 c6 39. Rc5 Kd6 40. Re5 Rf2+ 41. Kg5 h6+ 42. Kh4 Rf8 43. Re4 Re8 44. g5 Rxe6 45. Rd4+ Kc7 46. gxh6 Rxh6+ 47. Kg4 c5 48. Rd5 Kc6 49. Rg5 g6 50. h4 b4 51. Kf4 Rxh4+ 52. Ke3 Rh3+ 53. Kd2 Rxc3 54. Rxg6+ Kb5 55. Rg8 Ka4 56. Kd1 Kb3 57. Ra8 Rd3+ 58. Kc1 c3 59. Ra5 c4 60. Rf5 Rh3 61. Rf2 Rh1+ 62. Rf1 Rxf1# 0-1


[Site "https://www.chess.com"]